 Seeded DCSS version 0.28.0-62-gf88900778d (webtiles) character file.

Game seed: 17803503943168051517 (custom seed)

399353 cbfl8 the Slayer (level 22, -9/201 HPs)
             Began as a Minotaur Berserker on Mar 3, 2023.
             Was the Champion of Trog.
             Mangled by a spark wasp (15 damage)
             ... on level 2 of the Depths on Mar 7, 2023.
             The game lasted 02:03:12 (52362 turns).

cbfl8 the Slayer (Minotaur Berserker)              Turns: 52362, Time: 02:03:13

Health: -9/201     AC: 42    Str: 23    XL:     22   Next: 25%
Magic:  21/21      EV: 13    Int:  4    God:    Trog [******]
Gold:   3191       SH: 27    Dex: 26    Spells: 21/21 levels left

rFire   + + +      SeeInvis .   F - +11 trident of the Jumping Wasp {vorpal, Fly rF++}
rCold   + + .      Faith    .   R - +2 tower shield {AC+3}
rNeg    . . .      Spirit   .   S - +5 gold dragon scales
rPois   +          Reflect  .   X - +2 hat {Will+}
rElec   .          Harm     .   Y - +1 cloak {rCorr}
rCorr   +          Rampage  ∞   q - +2 pair of gloves
Will    ++...                   p - +3 pair of seven-league boots {Rampage+∞}
Stlth   ..........              x - amulet of regeneration
HPRegen 1.23/turn               T - +6 ring of dexterity
MPRegen 0.17/turn               W - ring "Jongot" {rC+ rCorr Slay+2 Stlth+}

@: about to teleport, on berserk cooldown, flying, slowed, studying Shields,
very slow
A: horns 2, retaliatory headbutt, frail 1, subdued magic 1
}: 2/15 runes: serpentine, barnacled
a: Renounce Religion, Berserk, Trog's Hand, Brothers in Arms


You were on level 2 of the Depths.
You worshipped Trog.
Trog was exalted by your worship.
You visited 7 branches of the dungeon, and saw 37 of its levels.
You visited the Abyss 1 time.
You also visited: Bailey, Wizlab and Desolation.

You collected 5357 gold pieces.
You spent 2166 gold pieces at shops.

Inventory:

Hand Weapons
 F - the +11 trident of the Jumping Wasp (weapon) {vorpal, Fly rF++}
   (You found it on level 10 of the Dungeon)

   It inflicts extra damage upon your enemies.
   rF:        It greatly protects you from fire.
   Fly:       It grants you flight.
Missiles
 v - 7 throwing nets
Armour
 p - the +3 pair of seven-league boots (worn) {Rampage+∞}
   (You acquired it on level 1 of the Depths)

   Its wearer moves as far as possible in that direction when moving towards
   enemies.
 q - a +2 pair of gloves (worn)
 R - a +2 tower shield of protection (worn)
 S - +5 gold dragon scales (worn)
 X - a +2 hat of willpower (worn)
 Y - a +1 cloak of preservation (worn)
Jewellery
 x - an amulet of regeneration (around neck)
 T - a +6 ring of dexterity (left hand)
 W - the ring "Jongot" (right hand) {rC+ rCorr Slay+2 Stlth+}
   (You found it in the Desolation of Salt)

   [ring of resist corrosion]

   Slay:      It affects your accuracy & damage with ranged weapons and melee
   (+2).
   rC:        It protects you from cold.
   rCorr:     It protects you from acid and corrosion.
   Stlth:     It makes you more stealthy.
Wands
 f - a wand of paralysis (6) (quivered)
 G - a wand of polymorph (25)
 J - a wand of iceblast (21)
 K - a wand of flame (39)
 L - a wand of digging (9)
Scrolls
 b - 6 scrolls of silence
 c - a scroll of magic mapping
 d - 3 scrolls of teleportation
 i - 5 scrolls of fear
 j - 7 scrolls of noise
 m - 7 scrolls of fog
 D - 9 scrolls of enchant weapon
 V - 2 scrolls of blinking
Potions
 a - 4 potions of cancellation
 e - 2 potions of lignification
 g - 4 potions of haste
 h - 5 potions of resistance
 k - 2 potions of attraction
 o - 2 potions of magic
 r - 5 potions of berserk rage
 t - 11 potions of curing
 u - 2 potions of invisibility
 w - 11 potions of might
 z - 11 potions of heal wounds
 C - 3 potions of mutation
 I - 12 potions of ambrosia
Miscellaneous
 l - a phantom mirror
 n - a tin of tremorstones (2/2)
 y - a phial of floods
 A - a condenser vane
 B - a condenser vane
 E - a tin of tremorstones (2/2)
 H - a phial of floods
 M - a condenser vane
 N - a box of beasts
 O - a piece from Xom's chessboard (15/15)
 P - a piece from Xom's chessboard (15/15)
 U - a box of beasts


   Skills:
 * Level 24.9 Fighting
 - Level 4.0(16.4) Axes
 * Level 24.0(24.1) Polearms
 + Level 16.8 Armour
 * Level 13.6 Dodging
 + Level 2.5 Stealth
 + Level 21.4 Shields
 * Level 14.4 Evocations


You had 21 spell levels left.
You didn't know any spells.
Your spell library was empty.

Dungeon Overview and Level Annotations

Branches:
Dungeon (15/15)            Temple (0/1) D:7            Lair (6/6) D:10
 Shoals (4/4) Lair:2        Snake (4/4) Lair:2        Slime (0/5) Lair:6
    Orc (2/2) D:11            Elf (0/3) Orc:2        Vaults (4/5) D:14
  Crypt (0/3) Vaults:3     Depths (2/4) D:15         Bailey (visited)
 WizLab (visited)         Desolation (visited)

Altars:
Cheibriados
Dithmenos
Elyvilon
Fedhas
Gozag
Hepliaklqana
Kikubaaqudgha
Makhleb
Nemelex Xobeh
Okawaru
Ru
Sif Muna
Trog
Vehumet
Wu Jian
Xom
Yredelemnul
The Shining One
Beogh
Jiyva

Shops:
D:12 *   D:15 (   Orc:2 =(*[   Shoals:1 *[:   Shoals:2 (   Snake:1 *
Vaults:4 =

Portals:
Hell: Depths:1
Abyss: Depths:1
Pandemonium: Depths:2
Trove: D:14 (give 8 scrolls of blinking)

Annotations:
D:6 1 runed translucent door, billybob123456's ghost, novice MiFi
D:12 3 runed translucent doors, tkbsonic5's ghost, journeyman DsAr
D:13 2 transporters, cbfl8's ghost, journeyman MiBe
D:14 exclusion: 4 oklob plants
Snake:2 3 runed translucent doors, Uxkaff's ghost, adept DsFi
Vaults:3 3 runed translucent doors, 1 transporter, Kezub's ghost, adept OpFi; agentgt's ghost, veteran KoAK
Depths:2 Bai Suzhen


Innate Abilities, Weirdness & Mutations

You have a pair of horns on your head.
You reflexively headbutt those who attack you in melee.
You are frail. (-10% HP)
Your spells are a little easier to cast, but a little less powerful.


Message History

The fire giant points at you and mumbles some strange words.
The fireball explodes!
The fireball engulfs you. You resist.
* * * LOW HITPOINT WARNING * * *
You hear a deafening roar!
You hear a screech!
You hear a shout!
You hear a deafening roar!
Blink to where?
Press: ? - help, Dir - move target A storm dragon comes into view.
Found 14 arrows, a wand of flame (14) and a glowing chain mail.
As you read the scroll of blinking, it crumbles to dust.
The storm dragon roars deafeningly!
You hear a shout! x2
As you read the scroll of teleportation, it crumbles to dust.
You feel strangely unstable.
Your surroundings suddenly seem different.
Bai Suzhen and 4 trolls come into view.
Bai Suzhen is wielding a +3 spectral quarterstaff.
The deep troll earth mage shouts!
A howler monkey comes into view.
The deep troll shaman calls upon its god to speed up the deep troll earth mage.
The deep troll earth mage seems to speed up.
The wizard casts a spell.
The wizard blinks!
You block Bai Suzhen's attack. x2
As you read the scroll of teleportation, it crumbles to dust.
You feel strangely unstable.
The howler monkey changes into a hound!
You block the fire giant's attack. You block Bai Suzhen's attack.
Bai Suzhen tail-slaps you but does no damage.
The fire giant hits you with a +1 great sword of flaming!
* * * LOW HITPOINT WARNING * * *
The hound changes into a steam dragon!
The deep troll earth mage bites you!
* * * LOW HITPOINT WARNING * * *
The deep troll earth mage barely misses you.
The deep troll earth mage claws you but does no damage.
You block the deep troll earth mage's attack. x2
The deep troll earth mage closely misses you.
The fire giant hits you with a +1 great sword of flaming!
* * * LOW HITPOINT WARNING * * *
The spark wasp stings you!
* * * LOW HITPOINT WARNING * * *
The spark wasp shocks you!
You die...

............D........#
......D...............
#..l.##''##....####....
#... #..#.^...# ....
#.. #..#.[#..# ...
#..####..####..# #.
...'........'...
...'...y....'...
#@dT..# #TC...# #.....#
#T...T# #.......
#........ #.........
#.........


You could see Bai Suzhen, a fire giant, an iron troll, a spark wasp, a deep
troll, a deep troll earth mage (fast), a deep troll shaman and a steam dragon
shaped shifter.

Vanquished Creatures
  Sojobo (Vaults:2)
  Margery (Vaults:2)
  Saint Roka (Vaults:2)
  Nikola (Vaults:3)
  Jory (Vaults:2)
  A bone dragon (Depths:1)
  Mlioglotl (Snake:2)
  2 liches
  A walking earthen tome (Depths:2)
  A walking frostbound tome (Depths:2)
  A titan (Shoals:4)
  An eldritch tentacle (WizLab)
  A kraken (Shoals:3)
  3 tentacled starspawn
  3 sphinxes
  3 tengu reavers
  A storm dragon (Depths:2)
  The ghost of Jingleheimer the Warrior, a journeyman MiBe of Trog (Orc:2)
  6 nagarajas
  The ghost of Alliumium the Warrior, a journeyman MiFi of Okawaru (Orc:2)
  3 fire giants
  2 frost giants
  An iron dragon (Depths:1)
  2 orc warlords
  Louise (Depths:1)
  10 vault wardens
  A draconian shifter (WizLab)
  8 very ugly things
  4 stone giants
  16 ironbound preservers
  4 war gargoyles
  A deep elf annihilator (Vaults:3)
  4 ironbound thunderhulks
  13 dire elephants
  The ghost of angelusfrater the Cleaver, a journeyman TrFi of Makhleb (Orc:2)
  A spark wasp (Depths:2)
  The ghost of bronco the Covert, a journeyman OpVM of Ashenzari (Orc:1)
  A green death (Depths:2)
  7 merfolk javelineers
  4 crystal guardians
  A deep elf death mage (Vaults:3)
  12 merfolk impalers
  4 fire dragons
  2 ettins
  The ghost of Ypehuijo the Spear-Bearer, a journeyman OpFi of Gozag (Lair:5)
  6 great orbs of eyes
  8 yaktaur captains
  2 deep elf high priests
  5 peacekeepers
  10 ragged hierophants
  15 naga warriors
  14 hydras
  13 vault guards
  6 boulder beetles
  4 ice dragons
  6 rakshasas
  3 salamander tyrants (Snake:4)
  A hell beast (Depths:1)
  13 servants of whispers (Desolation)
  2 spriggan air magi (Depths:2)
  An alligator snapping turtle (Shoals:1)
  4 ogre magi
  8 ironbound frosthearts
  3 catoblepae
  2 satyrs
  14 centaur warriors
  3 merfolk avatars
  5 merfolk aquamancers (Shoals:4)
  An alligator (Shoals:1)
  5 deep troll shamans
  6 two-headed ogres
  The ghost of macfelon the Thaumaturge, a journeyman DECj of Sif Muna (Orc:2)
  4 death yaks
  4 anacondas
  A hell hog (Depths:1)
  3 deep troll earth magi
  3 tengu warriors (D:15)
  10 shock serpents
  A titan zombie (Depths:1)
  5 orc high priests (Orc:2)
  4 thrashing horrors
  Urug (Lair:2)
  4 hell knights (Vaults:2)
  3 spriggan berserkers (Depths:2)
  14 naga sharpshooters
  An iron troll (Depths:1)
  A deep elf knight (WizLab)
  Sonja (Lair:6)
  A wretched star (Abyss:2)
  2 salamander mystics
  16 sea snakes
  A skeletal warrior (D:14)
  A flayed ghost (D:14)
  63 deep trolls
  3 glowing orange brains
  A quicksilver dragon simulacrum (Depths:1)
  A spatial maelstrom (Abyss:2)
  15 ironbound convokers
  A swamp dragon (Lair:6)
  4 naga ritualists
  An obsidian statue (WizLab)
  A spriggan simulacrum (Depths:1)
  33 harpies
  12 lindwurms
  A swamp dragon (shapeshifter) (D:15)
  8 orc knights
  An orange crystal statue (Depths:1)
  5 necromancers
  9 wizards
  2 deep elf pyromancers
  9 mana vipers
  22 ugly things
  A tengu skeleton (Depths:1)
  14 fauns
  A harpy (shapeshifter) (D:15)
  10 orc sorcerers
  2 worldbinders
  5 cyclopes
  A shining eye (shapeshifter) (Abyss:2)
  2 oklob plants
  16 manticores
  A moth of wrath (Lair:5)
  17 salamanders
  8 merfolk sirens
  A manticore (shapeshifter) (D:15)
  A fire giant skeleton (Depths:1)
  Maurice (Orc:2)
  15 water nymphs
  23 naga magi
  15 vault sentinels
  6 elephants (Lair:5)
  2 human skeletons (WizLab)
  32 black mambas
  A gargoyle (D:13)
  6 guardian serpents
  A molten gargoyle (Desolation)
  A dire elephant zombie (Abyss:2)
  An apocalypse crab (WizLab)
  2 smoke demons (WizLab)
  9 cane toads
  11 rime drakes
  32 yaktaurs
  6 kobold demonologists
  8 komodo dragons
  2 freezing wraiths
  2 ice devils
  A komodo dragon (shapeshifter) (D:13)
  An ancient zyme (WizLab)
  2 hellwings (WizLab)
  6 efreet
  3 tengu conjurers
  6 meliai
  29 merfolk
  10 polar bears
  10 wind drakes
  4 hornets
  A polar bear (shapeshifter) (D:14)
  2 queen bees
  6 trolls
  68 saltlings
  A tarantella (shapeshifter) (D:15)
  3 raiju
  4 snapping turtles
  43 slime creatures
  26 blink frogs
  4 dream sheep (Lair:6)
  A stone giant simulacrum (Depths:1)
  A culicivora (shapeshifter) (D:15)
  A flying skull (Abyss:2)
  8 air elementals (Shoals:4)
  3 vampires
  3 shadows
  2 ynoxinuls
  17 wyverns
  15 water elementals
  7 large abominations
  53 yaks
  6 fire bats
  Grum (D:6)
  A hog (shapeshifter) (D:14)
  15 basilisks
  4 vampire mosquitoes (D:14)
  A neqoxec (Depths:2)
  2 steam dragons (Lair:6)
  2 chaos spawn
  11 wargs
  41 nagas
  6 spatial vortices (WizLab)
  4 acid dragons
  3 floating eyes
  18 hell hounds
  11 water moccasins
  An ice beast (shapeshifter) (D:14)
  2 swamp drakes (Lair:6)
  36 orc warriors
  A hornet zombie (D:8)
  12 ogres
  A sky beast (D:8)
  14 black bears
  A necrophage (D:6)
  6 boggarts (D:15)
  14 small abominations
  23 wolves
  17 centaurs
  A phantom (D:7)
  2 kobold brigands
  14 bullfrogs
  7 gnoll sergeants
  3 scorpions
  A wyvern skeleton (D:7)
  13 wights
  72 killer bees
  6 howler monkeys
  3 electric eels
  A bullfrog zombie (D:6)
  5 centaur zombies
  14 orc priests
  12 hounds
  3 jellies
  3 gnoll shamans (D:6)
  A centaur skeleton (D:5)
  6 iguanas
  21 orc wizards
  15 hell rats
  A hound zombie (D:5)
  A hound skeleton (D:4)
  A howler monkey zombie (D:10)
  38 gnolls
  4 adders
  2 shadow imps
  2 white imps (D:8)
  2 ufetubi
  2 worms
  75 orcs
  3 ball pythons
  6 bats
  5 endoplasms
  3 giant cockroaches (D:2)
  10 goblins
  8 hobgoblins
  8 jackals
  3 quokkas
  2 frilled lizards (D:1)
  12 kobolds
  6 rats
  A bush (D:2)
  A fungus (Lair:3)
  A starspawn tentacle (WizLab)
  2 tentacles (Shoals:3)
1824 creatures vanquished.

Vanquished Creatures (collateral kills)
  3 vault guards (D:14)
  An alligator snapping turtle (Shoals:1)
  A goliath frog (Shoals:1)
  A blink frog (Abyss:2)
  A snapping turtle (Shoals:1)
  A neqoxec (Abyss:2)
  10 starcursed masses (Abyss:2)
18 creatures vanquished.

Vanquished Creatures (others)
  A naga warrior (Snake:1)
  An orc warrior (Vaults:2)
  A wolf (Lair:6)
  A boggart (Vaults:3)
  A gnoll (D:6)
  An orc (Vaults:2)
  26 fungi
  78 plants
  10 starspawn tentacles
  14 tentacles (Shoals:3)
  4 withered plants
138 creatures vanquished.

Grand Total: 1980 creatures vanquished

Notes
Turn   | Place    | Note
-------+----------+-------------------------------------------
     0 | D:1      | cbfl8 the Minotaur Berserker began the quest for the Orb.
     0 | D:1      | Reached XP level 1. HP: 19/19 MP: 0/0
    88 | D:1      | You fall into a shaft and drop 1 floor!
   216 | D:2      | Reached XP level 2. HP: 27/27 MP: 1/1
   245 | D:2      | Found the +4 robe of Augmentation {Str+4 Int+4 Dex+4}
   740 | D:1      | Reached XP level 3. HP: 34/34 MP: 2/2
   902 | D:1      | Reached ** piety under Trog
  1637 | D:2      | Reached skill level 1 in Polearms
  1809 | D:2      | Reached skill level 5 in Fighting
  1809 | D:2      | Reached XP level 4. HP: 30/42 MP: 3/3
  2438 | D:3      | Found an iron altar of Okawaru.
  2547 | D:3      | Found a shadowy altar of Dithmenos.
  2625 | D:3      | Found a faded altar of an unknown god.
  2657 | D:4      | Noticed an ogre
  2661 | D:4      | Killed an ogre
  2662 | D:4      | Reached skill level 1 in Evocations
  2662 | D:4      | Reached XP level 5. HP: 48/48 MP: 4/4
  2899 | D:4      | Found a white marble altar of Elyvilon.
  3424 | D:4      | Found a blossoming altar of Fedhas.
  3461 | D:5      | Entered Level 5 of the Dungeon
  3461 | D:5      | Noticed an orc warrior
  3470 | D:5      | Killed an orc warrior
  3471 | D:5      | Reached skill level 1 in Stealth
  3471 | D:5      | Reached XP level 6. HP: 57/57 MP: 3/5
  3769 | D:5      | Reached XP level 7. HP: 49/64 MP: 6/6
  3782 | D:5      | Reached *** piety under Trog
  4025 | D:5      | Reached skill level 5 in Polearms
  4203 | D:5      | Found a snail-covered altar of Cheibriados.
  4562 | D:5      | Found a sparkling altar of Nemelex Xobeh.
  4807 | D:6      | Reached XP level 8. HP: 67/73 MP: 7/7
  5020 | D:6      | Found a runed translucent door.
  5020 | D:6      | Noticed billybob123456's ghost (novice MiFi)
  5094 | D:6      | Found a radiant altar of Vehumet.
  5270 | D:6      | Reached skill level 5 in Armour
  5553 | D:6      | Noticed Grum
  5571 | D:6      | Killed Grum
  5821 | D:6      | Reached XP level 9. HP: 81/81 MP: 8/8
  6224 | D:6      | Reached **** piety under Trog
  6428 | D:7      | Reached skill level 10 in Polearms
  6437 | D:7      | Found a burning altar of Makhleb.
  6473 | D:7      | Found a hazy altar of Hepliaklqana.
  6474 | D:7      | Found a staircase to the Ecumenical Temple.
  7728 | D:8      | Reached XP level 10. HP: 81/91 MP: 9/9
  7902 | D:8      | Noticed a two-headed ogre
  7914 | D:8      | Killed a two-headed ogre
  8017 | D:8      | Reached ***** piety under Trog
  8374 | D:8      | Reached skill level 10 in Fighting
  8533 | D:9      | Reached skill level 5 in Evocations
  8586 | D:9      | Reached skill level 1 in Shields
  8713 | D:9      | Received a gift from Trog
  8817 | D:9      | Found a shimmering altar of Xom.
  9170 | D:10     | Entered Level 10 of the Dungeon
  9174 | D:10     | Identified the +11 trident of the Jumping Wasp {vorpal, Fly
                  | rF++}
  9236 | D:10     | Found a flagged portal.
  9250 | Bailey   | Entered a bailey
  9279 | Bailey   | Noticed an orc knight
  9294 | Bailey   | Killed an orc knight
  9295 | Bailey   | Reached XP level 11. HP: 87/101 MP: 10/10
  9394 | Bailey   | Found a large runed translucent door.
  9394 | Bailey   | Found a large runed translucent door.
  9395 | Bailey   | Noticed a deep elf pyromancer
  9495 | Bailey   | Killed a deep elf pyromancer
  9512 | Bailey   | Identified the +1 helmet of Bipraif {Slay+3}
  9520 | Bailey   | Identified the +5 scale mail of Ciasky Zuro {rCorr}
  9653 | D:10     | Found a bloodstained altar of Trog.
  9781 | D:10     | Found an ancient bone altar of Kikubaaqudgha.
  9981 | D:10     | Found a staircase to the Lair.
 10172 | D:11     | Identified the +5 dagger of the Shoals {vorpal, rC+}
 10236 | D:11     | Found a staircase to the Orcish Mines.
 10745 | D:11     | Noticed a sixfirhy
 11154 | D:12     | Received a gift from Trog
 11165 | D:12     | Reached XP level 12. HP: 99/112 MP: 11/11
 11283 | D:12     | Reached skill level 15 in Polearms
 11357 | D:12     | Found a runed translucent gate.
 11357 | D:12     | Found a runed translucent gate.
 11357 | D:12     | Found a runed translucent gate.
 11358 | D:12     | Found an opulent altar of Gozag.
 11361 | D:12     | Found Suonlok's Assorted Antiques.
 11361 | D:12     | Noticed tkbsonic5's ghost (journeyman DsAr)
 11361 | D:12     | Noticed a four-headed hydra
 11361 | D:12     | Noticed a tengu reaver
 11371 | D:12     | Noticed a fire dragon
 11382 | D:12     | Killed a fire dragon
 11552 | D:12     | Found an ornate altar of the Wu Jian Council.
 12046 | D:13     | Noticed an eight-headed hydra
 12053 | D:13     | Killed an eight-headed hydra
 12234 | D:13     | Noticed a centaur warrior
 12242 | D:13     | Killed a centaur warrior
 12285 | D:13     | Noticed a two-headed ogre
 12286 | D:13     | Identified the +2 great mace "Riesawk" {flame, Will+ Str+4
                  | Dex+2}
 12286 | D:13     | Noticed an ettin
 12289 | D:13     | Noticed a two-headed ogre
 12290 | D:13     | Found a transporter.
 12290 | D:13     | Noticed a two-headed ogre
 12290 | D:13     | Noticed a two-headed ogre
 12290 | D:13     | Noticed a two-headed ogre
 12294 | D:13     | Found a transporter.
 12296 | D:13     | Noticed cbfl8's ghost (journeyman MiBe)
 12325 | D:13     | Noticed a centaur warrior
 12340 | D:13     | Killed a centaur warrior
 12899 | D:13     | Reached skill level 5 in Dodging
 13115 | D:14     | Noticed a catoblepas
 13120 | D:14     | Noticed a boulder beetle
 13335 | D:13     | Killed a catoblepas
 13336 | D:13     | Reached skill level 10 in Armour
 13377 | D:14     | Killed a boulder beetle
 13385 | D:14     | Noticed a two-headed ogre
 13385 | D:14     | Noticed a two-headed ogre
 13386 | D:14     | Noticed a two-headed ogre
 13386 | D:14     | Noticed an ogre mage
 13387 | D:14     | Paralysed by an ogre mage for 4 turns
 13393 | D:14     | Killed a two-headed ogre
 13396 | D:14     | Killed a two-headed ogre
 13398 | D:14     | Killed an ogre mage
 13399 | D:14     | Reached XP level 13. HP: 120/124 MP: 12/12
 13601 | D:14     | Found a portal to a secret trove of treasure.
 13803 | D:14     | Cast into level 2 of the Abyss (a wizard)
 13865 | Abyss:2  | Found an opulent altar of Gozag.
 14032 | Abyss:2  | Noticed a tentacled starspawn
 14070 | Abyss:2  | Killed a tentacled starspawn
 14137 | Abyss:2  | Noticed an ancient lich
 14245 | Abyss:2  | Noticed a starcursed mass
 14266 | Abyss:2  | Paralysed by accursed screaming for 1 turns
 14350 | Abyss:2  | Gained mutation: Your spells are a little easier to cast,
                  | but a little less powerful. [a shining eye]
 14400 | D:14     | Escaped the Abyss
 14410 | D:14     | Reached skill level 5 in Shields
 14476 | D:14     | Reached skill level 15 in Fighting
 15008 | D:14     | Noticed a fire giant
 15011 | D:14     | Received a gift from Trog
 15015 | D:14     | Noticed a war gargoyle
 15021 | D:14     | Killed a war gargoyle
 15027 | D:14     | Killed a fire giant
 15364 | D:14     | Found a shimmering blue altar of Sif Muna.
 15402 | D:14     | Found a gate to the Vaults.
 15402 | D:14     | Identified the +1 leather armour of Redur {rPois rCorr
                  | Str-5 Slay-6}
 15456 | D:14     | Reached XP level 14. HP: 70/137 MP: 13/13
 15874 | D:15     | Entered Level 15 of the Dungeon
 16408 | D:15     | Found Eshutooh's Weapon Shop.
 16528 | D:15     | Found a staircase to the Depths.
 16528 | D:15     | Noticed a stone giant
 16535 | D:15     | Killed a stone giant
 17110 | D:15     | Received a gift from Trog
 17565 | D:15     | Found a glowing golden altar of the Shining One.
 17793 | Lair:1   | Entered Level 1 of the Lair of Beasts
 17960 | Lair:1   | You are sucked into a shaft and drop 1 floor!
 17962 | Lair:2   | Found a staircase to the Shoals.
 18131 | Lair:2   | Noticed Urug
 18150 | Lair:2   | Killed Urug
 18824 | Lair:2   | Found a staircase to the Snake Pit.
 20178 | Lair:3   | Identified a scroll of acquirement
 20179 | Lair:3   | Acquired the +8 demon trident "Rift" {distort, reach+}
 20179 | Lair:3   | Found the +8 demon trident "Rift" {distort, reach+}
 20207 | Lair:4   | Reached XP level 15. HP: 140/147 MP: 14/14
 20782 | Lair:4   | Found a white marble altar of Elyvilon.
 20865 | Lair:4   | Received a gift from Trog
 21036 | Lair:4   | Found a shimmering altar of Xom.
 21740 | Lair:5   | Found a transporter.
 21807 | Lair:5   | Noticed Ypehuijo's ghost (journeyman OpFi)
 22131 | Lair:5   | Found a transporter.
 22462 | Lair:5   | Killed Ypehuijo's ghost
 22494 | Lair:5   | Identified the amulet of Xotuf {Faith Str+2}
 22536 | Lair:6   | Entered Level 6 of the Lair of Beasts
 22544 | Lair:6   | Noticed Sonja
 22552 | Lair:6   | Killed Sonja
 22663 | Lair:6   | Found a viscous altar of Jiyva.
 22663 | Lair:6   | Found a staircase to the Slime Pits.
 22928 | Lair:6   | Reached skill level 10 in Evocations
 23066 | Lair:6   | Reached ****** piety under Trog
 23075 | Lair:6   | Received a gift from Trog
 23076 | Lair:6   | Reached skill level 10 in Shields
 23273 | Lair:6   | Reached XP level 16. HP: 146/159 MP: 15/15
 23907 | Orc:1    | Entered Level 1 of the Orcish Mines
 23908 | Orc:1    | Found a runed translucent door.
 24347 | Orc:1    | Paralysed by a floating eye for 4 turns
 24354 | Orc:1    | Received a gift from Trog
 24364 | Orc:1    | Paralysed by an orc sorcerer for 3 turns
 24471 | Orc:1    | Noticed bronco's ghost (journeyman OpVM)
 24487 | Orc:1    | Killed bronco's ghost
 24531 | Orc:2    | Entered Level 2 of the Orcish Mines
 24622 | Orc:2    | Found a runed translucent gate.
 24623 | Orc:2    | Found a runed translucent gate.
 24624 | Orc:2    | Found a runed translucent gate.
 24626 | Orc:2    | Noticed Jingleheimer's ghost (journeyman MiBe)
 24626 | Orc:2    | Noticed angelusfrater's ghost (journeyman TrFi)
 24626 | Orc:2    | Noticed Alliumium's ghost (journeyman MiFi)
 24627 | Orc:2    | Noticed macfelon's ghost (journeyman DECj)
 24676 | Orc:2    | Found Moacoz's Antique Armour Emporium.
 24677 | Orc:2    | Found a staircase to the Elven Halls.
 24680 | Orc:2    | Paralysed by an orc sorcerer for 6 turns
 25074 | Orc:2    | Paralysed by an orc sorcerer for 6 turns
 25075 | Orc:2    | Noticed Maurice
 25090 | Orc:2    | Killed Maurice
 25137 | Orc:2    | Found Gebboa's General Store.
 25327 | Orc:2    | Found Qutul's Antique Weapon Shop.
 25342 | Orc:2    | Received a gift from Trog
 25479 | Orc:2    | Found Uhuicug's Jewellery Boutique.
 25875 | Orc:2    | Killed macfelon's ghost
 25908 | Orc:2    | Killed angelusfrater's ghost
 25987 | Orc:2    | Killed Alliumium's ghost
 25991 | Orc:2    | Killed Jingleheimer's ghost
 26052 | Orc:2    | Identified the +1 hat "Suamay Bopa" {-Tele rElec rCorr
                  | Slay+2}
 26100 | Orc:2    | Bought gold dragon scales for 2080 gold pieces
 26222 | Snake:1  | Entered Level 1 of the Snake Pit
 26631 | Snake:1  | Found Ozuet's Assorted Antiques.
 26639 | Snake:1  | Bought a scroll of identify for 54 gold pieces
 27222 | Snake:2  | Received a gift from Trog
 27696 | Snake:2  | Noticed Uxkaff's ghost (adept DsFi)
 27742 | Snake:2  | Noticed Mlioglotl
 27752 | Snake:2  | Killed Mlioglotl
 27753 | Snake:2  | Reached XP level 17. HP: 170/170 MP: 16/16
 27956 | Snake:2  | Found a runed translucent gate.
 27957 | Snake:2  | Found a runed translucent gate.
 27957 | Snake:2  | Found a runed translucent gate.
 28161 | Snake:3  | Identified the +1 chain mail of Noughts and Crosses {rElec
                  | SInv}
 29759 | Shoals:1 | Entered Level 1 of the Shoals
 29773 | Shoals:1 | Received a gift from Trog
 29795 | Shoals:1 | Found Dauss's General Store.
 29824 | Shoals:1 | Found Naezieth's Armour Shop.
 29831 | Shoals:1 | Bought a scroll of identify for 32 gold pieces
 30098 | Shoals:1 | Found Yfapn's Book Shop.
 31458 | Shoals:2 | Found Toil's Weapon Emporium.
 31743 | Shoals:2 | Identified the +8 spear of Harmony {vorpal, *Rage Dex+4
                  | SInv} (Trog gifted it to you on level 2 of the Shoals)
 31743 | Shoals:2 | Received a gift from Trog
 33076 | Shoals:3 | Reached XP level 18. HP: 152/182 MP: 17/17
 33947 | Shoals:4 | Entered Level 4 of the Shoals
 33975 | Shoals:4 | Paralysed by an air elemental for 1 turns
 34072 | Shoals:4 | Identified the +11 long sword of Foolhardiness {flame,
                  | rElec} (Trog gifted it to you on level 4 of the Shoals)
 34072 | Shoals:4 | Received a gift from Trog
 34109 | Shoals:4 | Paralysed by an air elemental for 1 turns
 34111 | Shoals:4 | Paralysed by an air elemental for 1 turns
 34520 | Shoals:4 | Paralysed by an air elemental for 1 turns
 34710 | Shoals:4 | Paralysed by an air elemental for 1 turns
 34808 | Shoals:4 | Paralysed by an air elemental for 1 turns
 34810 | Shoals:4 | Paralysed by an air elemental for 1 turns
 34858 | Shoals:4 | Paralysed by an air elemental for 1 turns
 34968 | Shoals:4 | Paralysed by an air elemental for 1 turns
 35052 | Shoals:4 | Paralysed by an air elemental for 1 turns
 35353 | Shoals:4 | Reached skill level 15 in Armour
 35628 | Shoals:4 | Received a gift from Trog
 35671 | Shoals:4 | Reached skill level 10 in Dodging
 35950 | Shoals:4 | Got a barnacled rune of Zot
 36234 | Snake:4  | Entered Level 4 of the Snake Pit
 37215 | Snake:4  | Received a gift from Trog
 37361 | Snake:4  | Reached skill level 15 in Shields
 37633 | Snake:4  | Reached XP level 19. HP: 191/191 MP: 18/18
 37773 | Snake:4  | Got a serpentine rune of Zot
 38355 | Vaults:1 | Entered Level 1 of the Vaults
 38514 | Vaults:1 | Found a magical portal.
 38520 | WizLab   | Entered The Roulette of Golubria
 38520 | WizLab   | Found a transporter.
 38527 | WizLab   | Found a corrupted altar of Lugonu.
 38554 | WizLab   | Found a transporter.
 38583 | WizLab   | Found a transporter.
 38602 | WizLab   | Found a transporter.
 38646 | WizLab   | Found a transporter.
 38699 | WizLab   | Found the +1 cloak of Starlight {*Dazzle EV+4 Stlth--}
 38704 | WizLab   | Found a transporter.
 38789 | WizLab   | Found a corrupted altar of Lugonu.
 38789 | WizLab   | Found a transporter.
 38843 | WizLab   | Found a transporter.
 38891 | WizLab   | Found a transporter.
 38896 | WizLab   | Received a gift from Trog
 38964 | WizLab   | Found a transporter.
 39007 | WizLab   | Found a transporter.
 39158 | WizLab   | Found a transporter.
 39158 | WizLab   | Found a transporter.
 39244 | WizLab   | Identified the +1 cloak "Voutui" {Str+6}
 39253 | WizLab   | Found a transporter.
 39587 | WizLab   | Found a transporter.
 39635 | WizLab   | Found a transporter.
 39635 | WizLab   | Found a transporter.
 39770 | WizLab   | Found a transporter.
 39797 | WizLab   | Found a transporter.
 39797 | WizLab   | Found a transporter.
 41242 | Vaults:1 | Paralysed by a sphinx for 4 turns
 41249 | Vaults:1 | Received a gift from Trog
 41951 | Vaults:2 | Found a crumbling gateway.
 41977 | Desolati | Entered the Desolation of Salt
 42445 | Desolati | Identified the +1 leather armour of Impatience {rC+}
 42574 | Desolati | Identified the ring "Jongot" {rC+ rCorr Slay+2 Stlth+}
 42764 | Desolati | Identified the ring "Veemauqa" {rC+ SInv}
 42791 | Desolati | Reached XP level 20. HP: 195/202 MP: 19/19
 42877 | Desolati | Found the +7 mace of Variability {chain chaos}
 42883 | Desolati | Received a gift from Trog
 42893 | Desolati | Identified the ring "Inoqekygg" {rPois Will- Int+6 Dex+4}
 43039 | Desolati | Identified the +1 dire flail of the Glimmering Ass {elec,
                  | rN+}
 43341 | Desolati | Identified the ring of Salvation {Contam rF+ Str+6 SInv
                  | Stlth+}
 43488 | Vaults:2 | Noticed Jory
 43515 | Vaults:2 | Killed Jory
 43695 | Vaults:2 | Received a gift from Trog
 43930 | Vaults:2 | Noticed Margery
 43948 | Vaults:2 | Killed Margery
 44398 | Vaults:2 | Noticed Sojobo
 44412 | Vaults:2 | Killed Sojobo
 44880 | Vaults:2 | You are sucked into a shaft and drop 2 floors!
 45111 | Vaults:3 | Identified the +7 spear of Waqeigrelo {vorpal, Str+4} (Trog
                  | gifted it to you on level 3 of the Vaults)
 45111 | Vaults:3 | Received a gift from Trog
 45901 | Vaults:3 | Found a runed translucent gate.
 45901 | Vaults:3 | Found a runed translucent gate.
 45902 | Vaults:3 | Found a runed translucent gate.
 45902 | Vaults:3 | Noticed agentgt's ghost (veteran KoAK)
 45902 | Vaults:3 | Noticed Kezub's ghost (adept OpFi)
 45959 | Vaults:3 | Found a transporter.
 45960 | Vaults:3 | Found a radiant altar of Vehumet.
 46090 | Vaults:3 | Found a transporter.
 46277 | Vaults:3 | Identified the +2 trident "Hyhucygi" {freeze, *Slow Str+6
                  | Dex+6}
 46429 | Vaults:3 | Found a staircase to the Crypt.
 46429 | Vaults:3 | Found a basalt altar of Yredelemnul.
 46429 | Vaults:3 | Found an ancient bone altar of Kikubaaqudgha.
 46595 | Vaults:3 | Reached XP level 21. HP: 213/213 MP: 20/20
 46821 | Vaults:3 | Noticed Nikola
 46837 | Vaults:3 | Killed Nikola
 46837 | Vaults:3 | Received a gift from Trog
 47987 | Vaults:2 | Noticed Saint Roka
 48004 | Vaults:2 | Killed Saint Roka
 48794 | Vaults:4 | Identified the +5 spear of Dishonour {flame, rCorr Str+5}
                  | (Trog gifted it to you on level 4 of the Vaults)
 48794 | Vaults:4 | Received a gift from Trog
 49229 | Vaults:4 | Found Utzum's Jewellery Boutique.
 50242 | Depths:1 | Entered Level 1 of the Depths
 50328 | Depths:1 | Found a gateway to Hell.
 50540 | Depths:1 | Received a gift from Trog
 50822 | Depths:1 | Found an opulent altar of Gozag.
 50973 | Depths:1 | Found a one-way gate to the infinite horrors of the Abyss.
 50980 | Depths:1 | Noticed Louise
 50996 | Depths:1 | Killed Louise
 51044 | Depths:1 | Acquired the +3 pair of seven-league boots {Rampage+∞}
 51044 | Depths:1 | Found the +3 pair of seven-league boots {Rampage+∞}
 51184 | Depths:1 | Found a sacrificial altar of Ru.
 51423 | Depths:2 | Reached XP level 22. HP: 224/224 MP: 21/21
 51447 | Depths:2 | Identified the +10 quarterstaff of a treasure trove {vamp,
                  | rF+ rC+}
 51458 | Depths:2 | Noticed a juggernaut
 51467 | Depths:2 | Paralysed by a floating eye for 2 turns
 51468 | Depths:2 | Noticed a caustic shrike
 51478 | Depths:2 | Paralysed by a floating eye for 4 turns
 52029 | Depths:2 | Found a one-way gate leading to the halls of Pandemonium.
 52040 | Depths:2 | Gained mutation: You are frail. (-10% HP) [a neqoxec]
 52044 | Depths:2 | Received a gift from Trog
 52209 | Depths:2 | Identified the +2 hat of Fahuax {rC- Regen+ Int+10 Stlth-}
 52222 | Depths:2 | Found a radiant altar of Vehumet.
 52240 | Depths:2 | Identified the +0 robe "Qytziotioto" {rPois Will- Int+4
                  | Archmagi}
 52261 | Depths:2 | Identified the +6 dire flail of Ugiunn {venom, rC+}
 52360 | Depths:2 | Noticed Bai Suzhen
 52362 | Depths:2 | HP: 6/201 [spark wasp (8)]
 52362 | Depths:2 | Mangled by a spark wasp

Illustrated notes

Levels and vault maps discovered:
D:1:      sevenhm_arrival_forest_fort_large_1, layout_loops_ring
D:2:      layout_basic, minmay_hedge_maze
D:3:      layout_loops_cross, lemuel_round_altar, okawaru_metal_pillars_1_2,
          shapermc_ecumenical_altar_acropolis, minmay_misc_feat_rows
D:4:      layout_rooms, elyvilon_altar_3, fedhas_altar_4, grunt_ministairs_3
D:5:      layout_basic, cheibriados_altar_1, lemuel_crystal_altar
D:6:      layout_cave_pools, mainiacjoe_overflow_tiny_flanked,
          gammafunk_ghost_grave, serial_gnoll_camp, gnoll_camp_mini_hut,
          gnoll_camp_mini_hut, gnoll_camp_huts_moat, gnoll_camp_mini_sergeant,
          grums_kennel, gnoll_camp_mini_basic, minmay_misc_feat_x, minivault_24,
          palyth_stone_intersect
D:7:      layout_basic, general_overflow_altar, marbit_many_paths,
          minmay_temple_entry_glassed_door, minivault_5, bh_walls_and_bars
D:8:      minmay_general_purpose_star, layout_basic, st_stairs_11,
          minmay_fountain_box, minmay_misc_feat_hallway
D:9:      layout_roguey, tgw_xom, minmay_diced_spiral
D:10:     layout_cave_pools, mainiacjoe_overflow_cross_hatched,
          mainiacjoe_overflow_alcove_1, grunt_lair_entry_orc_guard_hut,
          enter_bailey_3
D:11:     layout_loops_corners, erik_orc_4
D:12:     layout_gridville, ebering_ghost_gozag,
          pdpol_wu_jian_five_deadly_venoms
D:13:     layout_grid_maze, gammafunk_ghost_smash, laboratory
D:14:     hangedman_what_comes_after_a, layout_cave_pools, erik_vaults_2,
          led_sif_pool, trove_entry_hex_spiral,
          eino_small_chamber_without_monster
D:15:     grunt_enter_depths_snipers, layout_rooms, serial_shops,
          nicolae_shop_bloodbath_and_beyond, serial_bayou_shore_a,
          grunt_ministairs_14, tso_altar
Lair:1:   layout_loops_ring, grunt_megastairs_2
Lair:2:   layout_concentric_octagons, elwin_shoals_entry_rocks,
          minmay_snake_entry_guardpost_small, grunt_megastairs_4, uniq_urug
Lair:3:   layout_cave_pods, special_room [special_room_bee],
          minmay_lair_oklob_items
Lair:4:   layout_hall_layers, basic_altar, lemuel_centaur_altar,
          grunt_megastairs_3
Lair:5:   layout_gridlike, special_room [special_room_mythical_zoo],
          gammafunk_ghost_berserking_beasts
Lair:6:   guppyfry_lair_end_dragon, layout_gridlike,
          hangedman_lair_caniforms_friends, slime_altar_1, special_room
          [special_room_mythical_zoo], uniq_sonja
Shoals:1: layout_shoals, serial_shops, shop, shop, nicolae_shop_hallway_stairs,
          nicolae_shoals_goliath_grotto
Shoals:2: layout_shoals, serial_shops, nicolae_shop_crystal
Shoals:3: layout_shoals, nicolae_shoals_land_atoll
Shoals:4: shoals_end_hellmonk_storm_palace [storm_palace_center_ruins,
          storm_palace_corner_reverse_hut, storm_palace_corner_reverse_hut,
          storm_palace_corner_grid, storm_palace_corner_reverse_hut],
          serial_shops
Snake:1:  layout_basic, serial_shops, shop, lemuel_fruit_tree
Snake:2:  layout_onion, gammafunk_ghost_split, serial_bayou_lagoon_b,
          uniq_mlioglotl
Snake:3:  layout_layer_cave, nicolae_fountain_basement
Snake:4:  snake_pit, layout_cave_town
Orc:1:    hellmonk_paralyzer, layout_caves, ebering_ghost_reflecting_pool,
          basic_altar
Orc:2:    grunt_orc_gardens, layout_diamond_mine, grunt_orc_garden,
          grunt_orc_garden, grunt_orc_garden, grunt_orc_garden,
          gammafunk_ghost_cemetery, uniq_maurice
Vaults:1: infiniplex_enter_wizlab_spiral, ontoclasm_vaults_misaligned,
          vaults_room_grid, vaults_room_door_hall,
          nicolae_vaults_little_squares_1, hangedman_vaults_snaps, v_misc_18,
          hangedman_vaults_slice, v_pattern_2, nicolae_vaults_what_the_h,
          nicolae_vaults_theta, nicolae_vaults_shelves_hall,
          layout_vaults_omnicross
Vaults:2: portal_desolation_entry_salt, v_rooms_4, v_pattern_1,
          nicolae_vaults_theta, grunt_vaults_twisty, grunt_vaults_swirl,
          vaults_room_grid, vaults_dpeg_hooks, layout_vaults_quadrants,
          uniq_saint_roka, uniq_sojobo, uniq_jory, uniq_margery
Vaults:3: gammafunk_ghost_cemetery, gammafunk_sealed_library,
          minmay_crypt_entry_necro_gods, vaults_room_octagon,
          nicolae_vaults_diagonal_hallway_8, ontoclasm_vaults_hangar, v_rooms_2,
          nicolae_vaults_arrows, nicolae_vaults_yaktaur_gun_rack,
          vaults_room_pools, ontoclasm_vaults_ligature,
          layout_vaults_maze_bifur, uniq_nikola
Vaults:4: vaults_standard_mumra_lines, grunt_vaults_funnel,
          nicolae_vaults_big_angled_halls, nicolae_vaults_little_squares_3,
          hangedman_vaults_stretched_pinwheel, v_misc_12,
          hangedman_vaults_variations, nicolae_vaults_holding_cells,
          layout_vaults_ring, serial_shops, shop
Depths:1: layout_gridlike, nicolae_abyss_entry_one_way_or_another,
          grunt_gozag_breadcrumbs, grunt_mini_vestibule, minivault_16,
          chequers_serial_rivers_micro_c, amcnicky_mini_corridor_feature,
          hangedman_decor_diamond_cutter, drop_trap, minmay_misc_feat_square,
          nicolae_ru_awakened_eye
Depths:2: hangedman_arch_fort, layout_long_grid, rand_demon_pan_entry_1,
          grunt_hell_entry_dis_grunt, grunt_tower_of_power, uniq_bai_suzhen

Skill      XL: |  1  2  3  4  5  6  7  8  9 10 11 12 13 14 15 16 17 18 19 20 21 22 |
---------------+-------------------------------------------------------------------+-----
Axes           | 4 |  4.0
Fighting       | 4 5 6 7 9 10 12 14 16 17 18 20 21 22 23 24 | 24.9
Polearms       | 1 2 4 6 9 11 13 14 15 17 18 19 20 21 22 23 24 | 24.0
Evocations     | 1 2 3 4 5 6 7 8 9 10 11 12 13 14 | 14.4
Armour         | 3 4 5 6 7 9 10 11 12 13 14 15 16 | 16.8
Dodging        | 3 4 5 6 7 9 10 11 12 13 | 13.6
Stealth        | 1 2 |  2.5
Shields        | 1 3 4 6 8 10 11 13 15 16 17 20 21 | 21.4

Action                   |  1- 3 |  4- 6 |  7- 9 | 10-12 | 13-15 | 16-18 | 19-21 | 22-24 || total
-------------------------+-------+-------+-------+-------+-------+-------+-------+-------++-------
Melee: Hand axe          |   146 |    10 |       |       |       |       |       |       ||   156
       Headbutt          |    36 |    18 |    78 |   121 |   298 |   307 |   750 |    69 ||  1677
       Punch             |     1 |       |     5 |       |       |       |       |       ||     6
       Trident           |       |    97 |   431 |   635 |  1245 |  1754 |  2236 |   209 ||  6607
Invok: Berserk           |       |     3 |     2 |     6 |    12 |    16 |    15 |     2 ||    56
       Brothers in Arms  |       |       |       |       |     3 |     1 |     1 |       ||     5
       Trog's Hand       |       |       |       |       |     3 |       |       |       ||     3
Evoke: Wand              |       |       |    12 |    10 |    17 |    18 |       |       ||    57
  Use: Scroll            |       |     5 |     2 |     7 |    12 |    24 |     9 |     7 ||    66
       Potion            |       |       |       |       |       |       |     1 |       ||     1
 Stab: Sleeping          |     2 |       |       |       |       |       |       |       ||     2
       Confused          |       |       |       |       |     1 |       |       |       ||     1
       Paralysed         |       |       |       |       |       |     3 |       |       ||     3
       Distracted        |       |       |       |       |       |       |       |     1 ||     1
Armor: Animal skin       |    10 |       |       |       |       |       |       |       ||    10
       Robe              |    28 |       |       |       |       |       |       |       ||    28
       Chain mail        |       |    71 |   207 |   217 |   596 |    98 |       |       ||  1189
       Gold dragon scale |       |       |       |       |       |   557 |   681 |    84 ||  1322
Dodge: Dodged            |    51 |    33 |   169 |   144 |   375 |   255 |   411 |    52 ||  1490
Block: Buckler           |       |       |       |    92 |   107 |       |       |       ||   199
       Kite shield       |       |       |       |       |   501 |   165 |       |       ||   666
       Tower shield      |       |       |       |       |       |  1291 |  2039 |   226 ||  3556
